Map: Dasan Station LE

Players

Jombus - Winner!

  • Race: Protoss Protoss
  • League: Silver

Gracz

  • Race: Terran Terran
  • League: Silver

VOD

Have the link to the VOD?

Description

Time

  • Played on: Oct. 16, 2016, 1:01 p.m.
  • Length: 22:56
Show
View Real Time Build Order
Export as new Build Order

Jombus Protoss - Winner!

Build Orders:  

Get SALT Encoding   

  12  0:03  Probe (Chrono Boost)  
  13  0:21  Pylon  
  13  0:33  Probe (Chrono Boost)  
  13  0:34  Pylon  
  14  0:43  Probe (Chrono Boost)  
  14  0:48  Gateway  
  15  0:58  Assimilator  
  15  1:10  Forge  
  15  1:48  Cybernetics Core  
  15  2:17  Assimilator  
  15  2:20  Probe (Chrono Boost)  
  16  2:30  Probe (Chrono Boost)  
  16  2:32  Robotics Facility  
  17  2:38  Pylon  
  17  2:41  Probe (Chrono Boost)  
  17  2:42  Stalker  
  18  3:12  Mothership Core (Chrono Boost), Stalker  
  21  3:27  Immortal  
  24  3:38  Probe (Chrono Boost)  
  25  3:45  Stalker  
  28  3:48  Probe (Chrono Boost)  
  28  3:59  Probe (Chrono Boost)  
  29  4:09  Probe (Chrono Boost)  
  30  4:17  Stalker  
  30  4:23  Probe (Chrono Boost)  
  33  4:54  Nexus  
  33  4:56  Immortal  
  37  5:08  Stalker  
  39  5:24  Protoss Shields Level 1  
  39  5:37  Pylon  
  39  5:55  Pylon, Probe (Chrono Boost)  
  40  6:07  Probe (Chrono Boost)  
  41  6:14  Probe (Chrono Boost)  
  41  6:17  Probe (Chrono Boost)  
  43  6:25  Observer, Probe (Chrono Boost)  
  45  6:28  Probe (Chrono Boost)  
  46  6:33  Stalker  
  46  6:35  Probe (Chrono Boost)  
  46  6:38  Probe (Chrono Boost)  
  50  6:49  Probe (Chrono Boost)  
  51  6:56  Assimilator  
  51  6:58  Assimilator  
  51  6:59  Probe (Chrono Boost)  
  52  7:07  Immortal  
  56  7:10  Probe (Chrono Boost)  
  57  7:16  Nexus  
  57  7:21  Probe (Chrono Boost)  
  58  7:22  Stalker  
  60  7:34  Probe (Chrono Boost)  
  61  7:43  Probe (Chrono Boost)  
  62  7:45  Probe (Chrono Boost)  
  62  7:46  Immortal  
  67  7:53  Sentry, Probe (Chrono Boost)  
  70  8:03  Pylon  
  70  8:08  Pylon  
  70  8:13  Pylon  
  70  8:15  Probe (Chrono Boost)  
  67  8:46  Immortal  
  67  8:47  Stalker  
  73  9:01  Probe (Chrono Boost)  
  74  9:07  Photon Cannon  
  74  9:11  Probe (Chrono Boost), Photon Cannon  
  75  9:19  Photon Cannon  
  75  9:22  Probe (Chrono Boost)  
  76  9:25  Observer  
  77  9:31  Stargate  
  77  9:33  Stargate, Probe (Chrono Boost)  
  77  9:37  Robotics Bay  
  78  9:42  Assimilator  
  78  9:43  Probe (Chrono Boost)  
  79  9:49  Assimilator, Immortal  
  79  9:51  Stalker  
  85  9:54  Protoss Ground Weapons Level 1  
  85  9:55  Protoss Air Weapons Level 1  
  85  10:03  Photon Cannon  
  85  10:04  Probe (Chrono Boost)  
  62  10:15  Probe (Chrono Boost)  
  62  10:21  Stalker  
  61  10:25  Probe (Chrono Boost)  
  66  10:28  Immortal  
  66  10:36  Probe (Chrono Boost)  
  66  10:39  Void Ray x2  
  75  10:46  Probe (Chrono Boost)  
  76  10:51  Stalker  
  78  10:57  Photon Cannon  
  78  11:02  Photon Cannon  
  78  11:05  Photon Cannon  
  78  11:07  Colossus  
  78  11:10  Photon Cannon  
  84  11:21  Stalker  
  84  11:22  Void Ray x2  
  94  11:29  Extended Thermal Lance  
  94  11:34  Probe (Chrono Boost)  
  95  11:44  Probe (Chrono Boost)  
  96  11:50  Protoss Air Armor Level 1  
  96  11:52  Sentry  
  98  11:55  Probe (Chrono Boost)  
  98  11:58  Protoss Ground Armor Level 1  
  98  12:00  Colossus  
  106  12:08  Probe (Chrono Boost)  
  106  12:10  Void Ray  
  108  12:18  Pylon  
  108  12:19  Probe (Chrono Boost)  
  109  12:25  Pylon  
  109  12:33  Pylon  
  109  12:36  Stalker, Probe (Chrono Boost), Void Ray  
  116  12:37  Pylon  
  116  12:48  Fleet Beacon  
  116  12:52  Twilight Council  
  116  12:53  Void Ray  
  116  12:55  Pylon  
  116  12:58  Colossus  
  126  13:06  Stalker  
  92  13:36  Stalker  
  86  13:51  Colossus  
  92  14:02  Void Ray  
  96  14:03  Void Ray  
  96  14:06  Stalker  
  96  14:07  Protoss Air Weapons Level 2  
  102  14:26  Stargate  
  102  14:35  Blink  
  102  14:36  Stalker  
  108  14:45  Immortal  
  108  15:06  Stalker, Nexus  
  110  15:12  Void Ray  
  110  15:13  Void Ray  
  118  15:18  Void Ray  
  122  15:24  Colossus  
  122  15:27  Pylon  
  128  15:32  Pylon  
  128  15:37  Pylon  
  128  15:40  Pylon  
  128  15:53  Stalker  
  128  15:54  Pylon  
  130  16:01  Void Ray  
  130  16:02  Photon Cannon  
  134  16:14  Photon Cannon  
  134  16:22  Stalker  
  117  17:07  Void Ray  
  127  17:10  Void Ray  
  127  17:13  Void Ray  
  135  17:30  Assimilator  
  135  17:37  Assimilator  
  135  17:41  Photon Cannon  
  135  17:53  Void Ray  
  135  17:55  Void Ray  
  143  18:06  Void Ray  
  143  18:08  Protoss Air Weapons Level 3  
  147  18:24  Colossus  
  151  18:38  Void Ray  
  155  19:03  Void Ray  
  155  19:08  Void Ray  
  163  19:15  Protoss Shields Level 2  
  163  19:21  Void Ray  
  167  19:51  Void Ray  
  171  19:55  Nexus  
  171  20:03  Pylon  
  171  20:08  Pylon  
  171  20:09  Void Ray  
  171  20:10  Void Ray  
  179  20:17  Colossus  
  185  20:32  Assimilator  
  185  20:38  Assimilator  
  185  20:42  Photon Cannon  
  185  20:48  Photon Cannon  
  185  20:52  Photon Cannon  
  185  20:56  Photon Cannon  
  185  21:10  Colossus  
  191  21:14  Probe (Chrono Boost)  
  192  21:18  Void Ray  
  192  21:21  Void Ray  
Show
View Real Time Build Order
Export as new Build Order

Gracz Terran 

Build Orders: MMM Bio 

Get SALT Encoding   

  12  0:02  SCV  
  13  0:18  Supply Depot  
  13  0:24  SCV  
  14  0:29  Refinery  
  14  0:36  SCV  
  14  0:42  Barracks  
  15  0:53  SCV  
  16  1:07  SCV  
  17  1:17  Refinery  
  17  1:19  SCV  
  18  1:31  SCV  
  19  1:42  Factory  
  19  1:44  SCV  
  20  1:51  Reaper  
  21  2:07  Orbital Command  
  21  2:16  Command Center  
  21  2:38  Barracks Tech Lab  
  21  2:40  Factory Tech Lab  
  21  2:41  Supply Depot  
  21  2:45  Barracks  
  20  3:29  Barracks  
  19  3:35  Stimpack  
  19  3:36  Marauder  
  19  3:37  Siege Tank  
  24  3:44  Starport  
  24  3:51  SCV  
  25  4:03  SCV  
  25  4:05  Barracks Tech Lab  
  26  4:15  SCV  
  27  4:43  Barracks Reactor  
  27  4:46  Barracks  
  27  4:51  Starport Reactor, Starport  
  27  5:01  SCV  
  29  5:09  Orbital Command  
  29  5:13  SCV  
  29  5:26  SCV  
  30  5:31  Refinery  
  30  5:34  Refinery  
  30  5:38  Combat Shields, SCV  
  31  5:44  Siege Tank  
  34  5:50  SCV  
  34  5:52  SCV  
  34  5:54  Barracks Reactor  
  36  6:02  SCV  
  37  6:04  SCV  
  38  6:14  SCV  
  38  6:16  SCV  
  40  6:22  Siege Tank  
  40  6:26  SCV  
  41  6:44  Starport Reactor, Command Center  
  41  6:48  Starport  
  41  6:49  Command Center  
  41  6:54  Siege Tank  
  41  7:00  Concussive Shells  
  44  7:03  Marauder  
  44  7:08  Supply Depot, Marauder  
  48  7:20  Medivac  
  48  7:22  Medivac  
  52  7:25  SCV x2, Marauder  
  52  7:29  Marauder  
  58  7:37  SCV x2  
  58  7:41  Supply Depot  
  58  7:43  Marine x4  
  64  7:46  Marauder  
  64  7:49  SCV x2  
  64  7:50  Marauder  
  70  7:55  Orbital Command  
  70  8:01  Marine  
  71  8:07  Marauder  
  71  8:12  Marauder  
  69  8:32  Marine  
  69  8:33  Marine x5  
  75  8:50  Marine x5  
  80  9:07  Medivac  
  80  9:08  Medivac x3  
  88  9:10  Starport Tech Lab  
  88  9:12  Orbital Command  
  88  9:15  SCV x3  
  91  9:24  Siege Tank  
  91  9:27  SCV x3  
  97  9:39  SCV x3  
  100  9:54  Supply Depot  
  100  9:56  Siege Tank  
  68  10:28  Siege Tank  
  68  10:32  Medivac x2  
  68  10:33  Medivac x2  
  68  10:35  Banshee  
  82  10:37  Supply Depot  
  82  10:41  Engineering Bay  
  82  10:42  Armory  
  82  10:44  SCV x3  
  82  10:45  Engineering Bay, SCV  
  82  10:46  Refinery  
  82  10:48  Marine  
  82  10:49  Marine x4, Refinery, Marauder  
  93  10:56  SCV  
  94  11:01  Siege Tank  
  94  11:02  Medivac  
  94  11:04  Supply Depot  
  99  11:07  Marauder  
  99  11:11  Marauder  
  103  11:15  Marine  
  103  11:16  Marine  
  103  11:17  Marine  
  103  11:18  Marine, Banshee  
  110  11:28  Marauder  
  110  11:32  Marauder  
  114  11:33  Marine  
  114  11:34  Marine  
  114  11:35  Marine x2  
  112  11:49  Siege Tank  
  112  11:50  Marauder  
  112  11:51  Marine  
  112  11:52  Marine  
  112  11:53  Marine x2  
  112  11:54  Marauder  
  123  12:00  Banshee  
  126  12:09  Marine x2  
  126  12:10  Marine  
  126  12:11  Marine, Marauder  
  126  12:15  Marauder  
  134  12:21  Siege Tank  
  137  12:33  Marauder  
  137  12:36  Marauder  
  141  12:43  Banshee  
  144  12:53  Siege Tank  
  102  13:55  Marine x4  
  98  13:57  Widow Mine  
  100  14:12  Marine  
  100  14:13  Marine x3  
  104  14:19  Marine x2  
  106  14:26  Supply Depot, Widow Mine  
  106  14:27  Terran Infantry Armor Level 1, Terran Infantry Weapons Level 1  
  106  14:28  Terran Vehicle And Ship Armor Level 1  
  106  14:30  Marine  
  106  14:31  Marine x3  
  111  14:32  Armory  
  111  14:36  Marine  
  111  14:37  Marine  
  114  14:41  Cloaking Field  
  114  14:48  Marine  
  114  14:49  Marine x3, Command Center  
  118  14:54  Marine  
  118  14:55  Marine  
  120  15:06  Marine x4  
  124  15:08  Thor  
  124  15:12  Marine  
  124  15:13  Marine  
  132  15:24  Marine x3  
  135  15:30  Marine x2  
  135  15:35  Marine  
  138  15:41  Marine  
  138  15:42  Marine x2  
  141  15:43  Supply Depot  
  141  15:48  Marine x2  
  143  15:50  Refinery  
  143  15:59  Marine  
  143  16:00  Marine x2, Orbital Command  
  146  16:05  Marine  
  146  16:06  Marine  
  146  16:08  Marauder  
  146  16:09  Widow Mine  
  152  16:17  Marine  
  155  16:18  Marauder  
  155  16:23  Marine  
  155  16:24  Marine  
  157  16:29  Marauder  
  156  16:38  Widow Mine  
  158  16:40  Marauder  
  134  16:50  Marauder  
  92  17:01  Marauder  
  92  17:04  Marine x4  
  92  17:06  Widow Mine  
  98  17:12  Marauder  
  98  17:14  Factory  
  98  17:15  Factory, Terran Ship Weapons Level 1, Terran Vehicle And Ship Armor Level 2  
  100  17:16  Factory, Terran Infantry Weapons Level 2  
  100  17:17  Terran Infantry Armor Level 2  
  100  17:22  Marine x4, Marauder  
  106  17:33  Marauder  
  106  17:35  Widow Mine  
  110  17:39  Marine  
  110  17:40  Marine x2  
  113  17:59  Factory Tech Lab x2  
  113  18:00  Factory Reactor  
  104  18:51  Marine  
  104  18:52  Marine x5  
  110  19:06  Medivac x5  
  110  19:08  Thor  
  110  19:09  Marine x5, Thor  
  133  19:10  Marine, Widow Mine x2  
  133  19:13  Thor  
  148  19:27  Marine x5  
  148  19:28  Marine  
  154  19:36  Medivac x4  
  162  19:38  Widow Mine  
  162  19:39  Widow Mine  
  162  19:44  Marine  
  167  19:46  Marine  
  167  19:50  Marine  
  167  19:51  Marine x3, Thor  
  167  19:52  Thor  
  184  20:01  Thor  
  184  20:02  Marine  
  184  20:03  Marine  
  192  20:07  Widow Mine  
  192  20:08  Marine  
  192  20:09  Marine x3  
  198  20:20  Marine  
  199  20:26  Marine  
  53  21:56  Marine  
  53  21:57  Marine x4  
  73  22:09  Viking  
  73  22:10  Viking x3  
  73  22:15  Widow Mine  
  83  22:16  Widow Mine  
  83  22:17  Viking  
Tags
 
Add a new tag
Caveats
  • Supply blocks, unpowered buildings, or Contaminate may cause inaccurate times.
  • Supply counts are checked every 10 seconds.